Map: Newkirk Precinct TE (Void)

Players

TheGoldenM

  • Race: Protoss Protoss
  • League: Diamond
  • Spawn Location: 5:00

Emil - Winner!

  • Race: Zerg Zerg
  • League: Diamond
  • Spawn Location: 7:00

VOD

Have the link to the VOD?

Description

Time

  • Played on: Nov. 28, 2016, 9:52 a.m.
  • Length: 17:14
Show
View Real Time Build Order
Export as new Build Order

TheGoldenM Protoss 

Build Orders: Oracle Opening 

Get SALT Encoding   

  12  0:02  Probe (Chrono Boost)  
  13  0:13  Probe (Chrono Boost)  
  14  0:22  Pylon  
  14  0:23  Probe (Chrono Boost)  
  15  0:41  Probe (Chrono Boost)  
  16  0:44  Gateway  
  16  0:46  Assimilator  
  16  0:51  Probe (Chrono Boost)  
  17  1:02  Probe (Chrono Boost)  
  18  1:09  Gateway  
  18  1:21  Probe (Chrono Boost)  
  19  1:29  Zealot  
  22  1:33  Probe (Chrono Boost)  
  22  1:39  Cybernetics Core  
  22  1:42  Pylon  
  22  1:49  Pylon  
  22  1:55  Assimilator  
  22  2:04  Probe (Chrono Boost)  
  25  2:16  Mothership Core (Chrono Boost)  
  25  2:18  Adept  
  25  2:20  Adept  
  29  2:34  Probe (Chrono Boost)  
  29  2:37  Gateway  
  30  2:44  Probe (Chrono Boost)  
  31  2:52  Stargate  
  31  3:05  Probe (Chrono Boost)  
  32  3:06  Pylon  
  32  3:15  Probe (Chrono Boost)  
  33  3:20  Pylon  
  33  3:47  Oracle  
  33  3:48  Nexus  
  34  4:04  Warp Gate  
  34  4:09  Zealot x2  
  38  4:12  Pylon  
  38  4:18  Oracle  
  41  4:51  Twilight Council  
  41  4:54  Pylon  
  41  4:56  Zealot x2  
  41  4:57  Pylon  
  45  5:02  Probe (Chrono Boost)  
  45  5:03  Probe (Chrono Boost)  
  47  5:13  Probe (Chrono Boost)  
  49  5:16  Probe (Chrono Boost)  
  49  5:23  Probe (Chrono Boost)  
  49  5:28  Probe (Chrono Boost)  
  51  5:32  Charge  
  51  5:34  Probe (Chrono Boost), Gateway  
  52  5:36  Gateway  
  52  5:39  Gateway  
  52  5:42  Assimilator  
  52  5:46  Assimilator  
  52  5:54  Probe (Chrono Boost)  
  52  5:56  Probe (Chrono Boost)  
  54  6:05  Probe (Chrono Boost)  
  54  6:08  Probe (Chrono Boost)  
  56  6:15  Probe (Chrono Boost)  
  54  6:20  Probe (Chrono Boost), Forge  
  54  6:22  Stalker  
  57  6:26  Probe (Chrono Boost)  
  56  6:41  Stalker x2  
  56  7:11  Zealot  
  56  7:12  Zealot x2  
  56  7:13  Pylon  
  62  7:32  Probe (Chrono Boost)  
  62  7:46  Zealot x2  
  62  7:47  Zealot  
  68  8:02  Zealot x2  
  72  8:15  Photon Cannon  
  64  8:24  Templar Archives  
  64  8:28  Zealot  
  64  8:33  Stalker x2  
  70  8:39  Probe (Chrono Boost)  
  70  8:40  Probe (Chrono Boost)  
  72  8:49  Probe (Chrono Boost)  
  72  8:52  Probe (Chrono Boost)  
  74  9:00  Probe (Chrono Boost)  
  76  9:02  High Templar  
  76  9:03  High Templar x3  
  76  9:04  Probe (Chrono Boost)  
  84  9:11  Archon x2  
  73  9:27  Psionic Storm  
  73  9:41  Nexus  
  73  9:44  Pylon x2  
  73  9:47  Zealot x2  
  73  9:51  Pylon  
  78  9:53  Probe (Chrono Boost)  
  78  10:01  Protoss Ground Weapons Level 1  
  78  10:04  Probe (Chrono Boost)  
  78  10:05  Probe (Chrono Boost)  
  76  10:16  Probe (Chrono Boost), Dark Shrine  
  76  10:17  Probe (Chrono Boost)  
  76  10:20  Zealot x3  
  76  10:21  Zealot  
  86  10:29  Pylon  
  86  10:32  Probe (Chrono Boost)  
  87  10:42  High Templar x2  
  91  10:43  Zealot  
  84  11:12  Probe x2 (Chrono Boost)  
  84  11:20  Zealot x5  
  84  11:24  Gateway  
  94  11:29  Photon Cannon  
  94  11:35  Probe (Chrono Boost)  
  94  11:36  Probe (Chrono Boost)  
  94  11:38  Assimilator  
  96  11:42  Assimilator  
  96  11:45  Photon Cannon  
  94  11:48  Zealot x3  
  94  11:51  High Templar x2  
  98  11:55  Archon  
  94  12:13  Photon Cannon  
  90  12:24  Robotics Facility  
  90  12:25  Probe (Chrono Boost)  
  90  12:26  Probe (Chrono Boost)  
  93  12:30  Probe (Chrono Boost)  
  91  12:47  Stalker x2  
  83  13:08  Immortal  
  83  13:10  Pylon  
  83  13:12  Probe (Chrono Boost)  
  84  13:19  Probe (Chrono Boost)  
  90  13:20  Probe (Chrono Boost)  
  90  13:24  Probe (Chrono Boost)  
  91  13:36  Templar Archives  
  91  13:38  Probe (Chrono Boost)  
  91  13:40  Probe (Chrono Boost)  
  93  13:49  Probe x2 (Chrono Boost)  
  93  13:52  Probe (Chrono Boost)  
  95  14:09  Photon Cannon  
  97  14:10  Probe (Chrono Boost)  
  97  14:11  Probe (Chrono Boost), Pylon  
  97  14:12  Probe (Chrono Boost)  
  98  14:20  Probe (Chrono Boost)  
  98  14:23  Probe (Chrono Boost)  
  100  14:27  High Templar x3  
  100  14:28  High Templar x3, Observer  
  113  14:32  Archon x2  
  113  14:33  Archon  
  93  15:04  Immortal  
  93  15:06  Zealot x3  
  93  15:07  Zealot x3  
  86  15:52  High Templar x3  
  86  15:53  High Templar x3  
  80  16:01  Probe (Chrono Boost)  
  80  16:02  Probe (Chrono Boost)  
  80  16:03  Probe (Chrono Boost)  
  83  16:11  Probe (Chrono Boost)  
  83  16:14  Probe (Chrono Boost)  
  79  16:39  Zealot x4  
  82  16:40  Zealot x2  
  82  16:45  Archon  
  82  16:46  Archon  
Show
View Real Time Build Order
Export as new Build Order

Emil Zerg - Winner!

Build Orders: Pool First 

Get SALT Encoding   

  12  0:02  Drone  
  13  0:22  Spawning Pool  
  12  0:30  Drone x2  
  14  0:39  Overlord  
  14  1:08  Zergling x6  
  17  1:21  Hatchery  
  17  1:22  Zergling x2  
  17  1:32  Queen  
  19  1:37  Drone  
  20  1:46  Drone, Extractor  
  20  1:52  Overlord  
  20  2:16  Drone x2  
  21  2:34  Drone x2  
  21  2:45  Queen  
  21  2:46  Queen  
  25  2:52  Overlord  
  25  2:54  Drone x3  
  28  3:01  Metabolic Boost  
  28  3:10  Zergling x4  
  28  3:11  Drone  
  30  3:16  Zergling x4  
  33  3:20  Zergling x2  
  31  3:54  Drone  
  31  3:55  Drone x11  
  40  4:04  Drone  
  40  4:09  Queen  
  43  4:19  Overlord x2  
  43  4:28  Drone  
  44  4:35  Overlord  
  44  4:36  Overlord  
  43  4:42  Evolution Chamber  
  42  4:50  Overlord  
  42  4:52  Drone x7  
  49  5:02  Zergling x2  
  49  5:03  Spore Crawler  
  49  5:08  Extractor  
  49  5:12  Queen x2  
  39  5:34  Spore Crawler  
  38  5:37  Zergling x2  
  38  5:38  Zergling x10  
  44  5:47  Queen  
  44  5:48  Roach Warren, Queen  
  47  5:54  Zergling x8  
  51  6:03  Drone x5  
  53  6:23  Drone x5  
  57  6:37  Roach x4  
  57  6:38  Roach x3  
  68  6:52  Roach  
  68  6:53  Roach  
  71  7:02  Roach x2  
  71  7:04  Queen x2  
  71  7:06  Roach  
  80  7:17  Roach  
  81  7:25  Roach  
  81  7:26  Overlord  
  81  7:28  Zerg Missile Weapons Level 1  
  82  7:38  Hatchery  
  82  7:41  Roach  
  82  7:43  Overlord x3  
  83  7:53  Extractor  
  83  7:55  Extractor  
  81  7:58  Roach  
  81  7:59  Roach x4  
  88  8:20  Lair  
  88  8:31  Drone  
  88  8:32  Drone x9  
  98  8:35  Hatchery  
  97  8:42  Hatchery  
  96  8:56  Roach  
  96  8:57  Roach x3  
  96  9:01  Ravager  
  105  9:07  Ravager x2  
  107  9:10  Drone  
  96  9:36  Hydralisk Den  
  95  9:40  Drone  
  95  9:41  Drone x12  
  95  9:42  Zerg Missile Weapons Level 2  
  108  9:48  Glial Reconstitution  
  108  9:50  Zergling x4  
  110  10:19  Spire  
  109  10:22  Zergling x4, Extractor  
  109  10:23  Zergling x20  
  109  10:24  Extractor  
  109  10:26  Baneling Nest  
  112  11:11  Hydralisk  
  112  11:12  Hydralisk x3  
  112  11:15  Overlord x6  
  120  11:29  Evolution Chamber  
  120  11:30  Evolution Chamber  
  120  11:32  Spine Crawler x2  
  116  11:33  Spine Crawler x2, Mutalisk x5  
  124  11:45  Hydralisk x2  
  124  11:46  Hydralisk x3  
  128  12:04  Mutalisk  
  128  12:05  Spine Crawler, Mutalisk  
  125  12:17  Spine Crawler  
  125  12:19  Spore Crawler  
  125  12:20  Hydralisk x4  
  125  12:21  Hydralisk  
  133  12:26  Spore Crawler  
  132  12:45  Hydralisk  
  126  13:10  Grooved Spines  
  126  13:12  Zergling x22  
  137  13:13  Drone  
  137  13:14  Drone x12  
  137  13:15  Overlord x2  
  137  13:16  Overlord x2  
  150  13:26  Overseer  
  150  13:30  Spore Crawler  
  149  13:34  Spine Crawler  
  148  13:46  Zergling x8  
  148  13:47  Zergling x12  
  158  14:09  Infestation Pit, Centrifical Hooks  
  151  14:21  Baneling x8  
  151  14:22  Baneling x27  
  151  14:23  Baneling  
  151  14:26  Zergling x4  
  144  15:04  Hydralisk x11  
  165  15:14  Queen  
  165  15:16  Extractor  
  165  15:18  Extractor  
  159  15:48  Zergling x2  
  159  15:49  Zergling x28  
  156  16:03  Drone x8  
  156  16:04  Drone  
  163  16:21  Hatchery  
  139  16:57  Drone x2  
  139  16:58  Drone  
Tags
 
Add a new tag
Caveats
  • Supply blocks, unpowered buildings, or Contaminate may cause inaccurate times.
  • Supply counts are checked every 10 seconds.